 Dungeon Crawl Stone Soup version 0.28.0-43-g3370ac3207 (webtiles) character file.

Game seed: 16498818713937689062

253 pkoi the Gusty (level 6, -2/36 HPs)
             Began as an Octopode Air Elementalist on Mar 18, 2022.
             Slain by a scorpion (4 damage)
             ... on level 4 of the Dungeon.
             The game lasted 00:06:00 (5379 turns).

pkoi the Gusty (Octopode Air Elementalist)          Turns: 5379, Time: 00:06:00

Health: -2/36      AC:  1    Str:  8    XL:     6   Next: 14%
Magic:  3/10       EV: 13    Int: 19    God:
Gold:   102        SH:  0    Dex: 12    Spells: 1/11 levels left

rFire   . . .      SeeInvis .   n - +3 club (spect)
rCold   . . .      Faith    .   (no shield)
rNeg    + . .      Spirit   .   (helmet restricted)
rPois   .          Reflect  .   (no amulet)
rElec   .          Harm     .   c - ring of positive energy
rCorr   .          Rampage  .   (no ring)
Will    .....                   (no ring)
Stlth   +++.......              (no ring)
HPRegen 0.12/turn               (no ring)
MPRegen 0.12/turn               (no ring)
                                (no ring)
                                (no ring)

@: mighty, lethally poisoned (-2 -> -8), attractive
A: almost no armour, amphibious, 8 rings, camouflage 1, gelatinous body 1,
(nimble swimmer 1), tentacles
a: no special abilities


You were on level 4 of the Dungeon.
You visited 1 branch of the dungeon, and saw 4 of its levels.

You collected 102 gold pieces.

Inventory:

Hand Weapons
 a - a +0 spear
 n - a +3 spectral club (weapon)
Missiles
 m - 6 atropa-tipped darts
 p - a throwing net
Jewellery
 c - a ring of positive energy (left tentacle)
 g - an amulet of faith
 s - a +6 ring of strength
Scrolls
 b - 3 scrolls of identify {unknown}
 e - 4 scrolls of vulnerability {unknown}
 h - a scroll of silence {unknown}
 j - 3 scrolls of immolation {unknown}
 k - a scroll of acquirement {unknown}
 o - a scroll of teleportation {unknown}
 r - a scroll of amnesia {unknown}
Potions
 f - a potion of attraction
 i - a potion of flight {unknown}
 l - 2 potions of curing {unknown}
 q - a potion of lignification {unknown}


   Skills:
 - Level 2.0 Dodging
 - Level 2.6 Stealth
 + Level 3.2 Spellcasting
 - Level 1.0 Conjurations
 * Level 6.0 Air Magic


You had one spell level left.
You knew the following spells:

 Your Spells              Type           Power      Damage    Failure   Level
a - Shock                 Conj/Air       64%        1d7       3%          1
b - Static Discharge      Conj/Air       16%        N/A       5%          2
c - Swiftness             Air            25%        N/A       3%          3
d - Airstrike             Air            12%        N/A       12%         4

Your spell library contained the following spells:

 Spells                   Type           Power      Damage    Failure   Level
 Sting                    Tmut/Pois      12%        1d3       16%         1
 Poisonous Vapours        Pois/Air       28%        N/A       7%          2
 Call Canine Familiar     Summ           3%         N/A       41%         3
 Gell's Gravitas          Tloc           3%         N/A       41%         3
 Lesser Beckoning         Tloc           3%         N/A       41%         3
 Portal Projectile        Hex/Tloc       6%         N/A       41%         3
 Teleport Other           Tloc           3%         N/A       41%         3
 Leda's Liquefaction      Hex/Erth       1%         N/A       83%         4
 Olgreb's Toxic Radiance  Pois           3%         N/A       83%         4


Dungeon Overview and Level Annotations

Branches:
Dungeon (4/15)
 Temple: D:4-7

Altars:

Annotations:
D:3 3 runed translucent doors, croobank's ghost, amateur GrEE


Innate Abilities, Weirdness & Mutations

You cannot wear most types of armour.
You are amphibious.
You can wear up to eight rings at the same time.
Your skin changes colour to match your surroundings (Stealth+).
Your rubbery body absorbs attacks. (AC +1, EV +1)
((You are camouflaged when in or above water. (Stealth+)))
You have tentacles for arms and can constrict up to eight enemies at once.


Message History

The scorpion stings you but does no damage.
The zap hits the scorpion.
The scorpion is heavily wounded.
The scorpion closely misses you. The scorpion stings you!
* * * LOW HITPOINT WARNING * * *
You are poisoned.
The scorpion poisons you!
Aiming: Shock (safe; 3% risk of failure)
Press: ? - help, Q - select action, (/) - cycle Shift-Dir - straight line, p - scorpion The zap misses the scorpion. x2
You feel very sick. The scorpion stings you.
* * * LOW HITPOINT WARNING * * *
You are lethally poisoned!
The scorpion poisons you!
You barely miss the scorpion. Your grab misses the scorpion.
Your squeeze misses the scorpion.
The scorpion is heavily wounded.
Your +3 spectral club hits the scorpion.
* * * LOW HITPOINT WARNING * * *
You feel very sick. The scorpion stings you.
* * * LOW HITPOINT WARNING * * *
You hit the scorpion but do no damage. Your grab misses the scorpion.
The scorpion is heavily wounded.
Your +3 spectral club barely misses the scorpion.
* * * LOW HITPOINT WARNING * * *
You feel very sick. The scorpion closely misses you.
The scorpion stings you but does no damage.
It was a potion of attraction.
You feel attractive to monsters.
* * * LOW HITPOINT WARNING * * *
You feel sick. The scorpion closely misses you.
It was a potion of might.
You feel very mighty all of a sudden.
* * * LOW HITPOINT WARNING * * *
You feel sick. The scorpion stings you.
You die...

....#<##..... .... ....
.........# #.. ....
......#### #.# .....
#......# ######.##......
.......###..............
#...#...............#.#
#..####.#.............#
.).# #...###.#s##...#
.........## #.#ยง@....#
....###............###
.>#.# ##.........#>#
###.. ........###.# .#.
.....#..# # .# ..[##..#
#. #.. ..


You could see a scorpion.

Vanquished Creatures
  A hound (D:3)
  An orc wizard (D:3)
  Robin (D:3)
  8 gnolls (D:3)
  An adder (D:2)
  4 dart slugs
  2 orcs
  7 bats
  6 endoplasms
  3 giant cockroaches
  16 goblins
  9 hobgoblins
  6 jackals (D:2)
  6 kobolds
  4 quokkas
  4 ball pythons
  2 frilled lizards
  6 rats
87 creatures vanquished.

Notes
Turn   | Place    | Note
-------+----------+-------------------------------------------
     0 | D:1      | pkoi the Octopode Air Elementalist began the quest for the
                  | Orb.
     0 | D:1      | Reached XP level 1. HP: 11/11 MP: 3/3
   259 | D:1      | Reached XP level 2. HP: 17/17 MP: 1/5
   479 | D:1      | Found a faded altar of an unknown god.
   887 | D:1      | Reached skill level 4 in Air Magic
  1160 | D:2      | Reached XP level 3. HP: 21/21 MP: 4/6
  1303 | D:2      | Learned a level 2 spell: Static Discharge
  1307 | D:2      | Learned a level 3 spell: Swiftness
  2192 | D:2      | Reached XP level 4. HP: 12/27 MP: 3/7
  2957 | D:3      | Found a runed translucent gate.
  2957 | D:3      | Found a runed translucent gate.
  2958 | D:3      | Found a runed translucent gate.
  3055 | D:3      | Reached skill level 5 in Air Magic
  3422 | D:3      | Reached XP level 5. HP: 31/31 MP: 2/9
  3804 | D:3      | Noticed Robin
  4002 | D:3      | Killed Robin
  4498 | D:3      | Identified the +6 hand axe "Kedgh" {flame, Contam rN++}
  4568 | D:3      | Reached XP level 6. HP: 25/36 MP: 5/10
  4743 | D:3      | Reached skill level 6 in Air Magic
  4939 | D:3      | Noticed croobank's ghost (amateur GrEE)
  4987 | D:3      | Learned a level 4 spell: Airstrike
  5379 | D:4      | Slain by a scorpion

Illustrated notes

Levels and vault maps discovered:
D:1:      amcnicky_arrival_abandoned_market, layout_loops_ring,
          hellmonk_ecumenical_altar_slurped_away
D:2:      layout_loops_ring
D:3:      layout_loops_corners, gammafunk_ghost_icy, uniq_robin
D:4:      layout_rooms, nicolae_elemental_shop, minmay_goblin_outpost

Skill      XL: |  1  2  3  4  5  6 |
---------------+-------------------+-----
Air Magic      | 4 5 6 |  6.0
Spellcasting   | 3 |  3.2
Dodging        | |  2.0
Stealth        | |  2.6
Conjurations   | |  1.0

Action                   |  1- 3 |  4- 6 || total
-------------------------+-------+-------++-------
Melee: Unarmed           |     5 |       ||     5
       Constrict         |     9 |     3 ||    12
       Tentacles         |     4 |     4 ||     8
       Spear             |    13 |    12 ||    25
       Punch             |       |     1 ||     1
       Club              |       |     4 ||     4
 Cast: Shock             |    73 |   106 ||   179
  Use: Potion            |       |     2 ||     2
Armor: Skin              |     1 |     2 ||     3
Dodge: Dodged            |    10 |    16 ||    26
